 Dungeon Crawl Stone Soup version 0.27-a0-1273-gec92ba881d (webtiles) character file.

Game seed: 15424031709562993366

169 Anon1729 the Cudgeller (level 5, -2/40 HPs)
             Began as a Palentonga Warper on June 11, 2021.
             Slain by Sigmund
             ... wielding a +1 vorpal scythe
              (6 damage)
             ... on level 3 of the Dungeon.
             The game lasted 00:03:11 (3063 turns).

Anon1729 the Cudgeller (Palentonga Warper)          Turns: 3063, Time: 00:03:11

Health: -2/40      AC:  5    Str: 16    XL:     5   Next: 25%
Magic:  8/8        EV:  9    Int: 13    God:
Gold:   107        SH:  0    Dex:  9    Spells: 8/8 levels left

rFire    . . .     SeeInvis +   k - +1 mace (protect)
rCold    . . .     Faith    .   (no shield)
rNeg     . . .     Spirit   .   b - +0 leather armour
rPois    .         Reflect  .   (no helmet)
rElec    .         Harm     .   (no cloak)
rCorr    .         Rampage  .   h - +0 pair of gloves
Will     .....                  (no barding)
Stlth    ..........             (no amulet)
HPRegen  0.13/turn              g - ring of flight
MPRegen  0.11/turn              (no ring)

@: confused, flying
A: large, rugged brown scales 3, see invisible, deformed body, roll 1, armoured
tail
a: Rolling Charge


You were on level 3 of the Dungeon.
You visited 1 branch of the dungeon, and saw 3 of its levels.

You collected 107 gold pieces.

Inventory:

Hand Weapons
 a - a +0 mace
 k - a +1 mace of protection (weapon)
Missiles
 e - 5 boomerangs of dispersal
 l - 2 throwing nets
Armour
 b - a +0 leather armour (worn)
 h - a +0 pair of gloves (worn)
Jewellery
 g - a ring of flight (left hand)
Wands
 p - a wand of acid (4)
Scrolls
 c - a scroll of magic mapping {unknown}
 d - a scroll of blinking
 i - a scroll of immolation
 j - 2 scrolls of identify {unknown}
 m - a scroll of silence {unknown}
 n - a scroll of teleportation {unknown}
 o - a scroll of vulnerability {unknown}
Potions
 f - 2 potions of curing {unknown}


   Skills:
 + Level 2.0 Fighting
 + Level 5.4 Maces & Flails
 - Level 0.6 Throwing
 + Level 1.0 Armour
 - Level 1.5 Dodging
 - Level 2.0 Spellcasting
 - Level 3.0 Translocations


You had 8 spell levels left.
You didn't know any spells.
Your spell library contained the following spells:

 Spells                   Type           Power      Damage    Failure   Level
 Apportation              Tloc           18%        N/A       9%          1
 Blink                    Tloc           N/A        N/A       14%         2
 Gell's Gravitas          Tloc           4%         N/A       26%         3
 Lesser Beckoning         Tloc           4%         N/A       26%         3
 Teleport Other           Tloc           9%         N/A       26%         3
 Animate Skeleton         Necr           2%         N/A       30%         1
 Corona                   Hex            1%         N/A       30%         1
 Magic Dart               Conj           4%         1d3       30%         1
 Summon Small Mammal      Summ           4%         N/A       30%         1
 Searing Ray              Conj           2%         3d3       43%         2
 Dazzling Flash           Conj/Hex       2%         N/A       67%         3
 Iskenderun's Mystic Bla  Conj/Tloc      5%         2d3       86%         4
 Manifold Assault         Tloc           9%         N/A       94%         5
 Fulminant Prism          Conj/Hex       0%         3d6       97%         4


Dungeon Overview and Level Annotations

Branches:
Dungeon (3/15)

Altars:
Nemelex Xobeh

Annotations:
D:3 Sigmund


Innate Abilities, Weirdness & Mutations

You are completely covered in rugged brown scales. (AC +3, +7% HP)
You have supernaturally acute eyesight. (SInv)
Armour fits poorly on your strangely shaped body.
You can roll at nearby foes to attack.
You have a long armoured tail.


Message History

Sigmund gestures at you while chanting. You resist with some effort.
You bump into the rock wall.
Sigmund points at you and mumbles some strange words.
The puff of flame hits you.
You're too confused to move!
Sigmund hits you from afar with a +1 vorpal scythe!
* * * LOW HITPOINT WARNING * * *
x2 You're too confused to move!
You feel less confused. Sigmund barely misses you.
Roll where?
Press: ? - help, Dir - move target, f/p - Sigmund
Aim: Sigmund, wielding a +1 vorpal scythe and wearing a +0 robe (almost dead)
You roll forward with a clatter of scales!
You hit Sigmund.
Your weapon exudes an aura of protection.
Sigmund is almost dead.
Sigmund gestures at you while chanting.
The puff of flame hits you but does no damage.
You hit Sigmund but do no damage.
Sigmund is almost dead.
Sigmund misses you.
Aiming: Corrosive Bolt
Press: ? - help, Shift-Dir - straight line, f/p - Sigmund
Aim: Sigmund, wielding a +1 vorpal scythe and wearing a +0 robe (almost dead, 68% to hit)
The bolt of acid misses Sigmund.
Sigmund says, "Look into my eyes."
Sigmund points at you and mumbles some strange words.
You are confused.
You bump into the rock wall.
Sigmund barely misses you.
You are too confused!
You closely miss Sigmund.
Your tail-slap misses Sigmund.
Sigmund is almost dead.
Sigmund gestures wildly while chanting.
Sigmund flickers and vanishes for a moment.
Sigmund misses you.
You're too confused to move!
Sigmund hits you with a +1 vorpal scythe.
You die...

#..........
###################.#######
...........................
###################.########.#
.....#..........#
#.##.#.##.#######
..#..............
#.#.<#.##.####### #.#@##.##.#
..#####.#@##.##.#
..........#......
#####...######...#####.#
<................# #.#
...#.##.#####....# .#
...#.##.#####....####
................>....
...#.##.###.#....####


You could see Sigmund (invisible).

Vanquished Creatures
  A water moccasin skeleton (D:3)
  An iguana (D:3)
  5 adders (D:2)
  A worm (D:2)
  5 ball pythons
  2 endoplasms (D:1)
  2 giant cockroaches
  5 goblins
  6 hobgoblins
  9 jackals
  A kobold (D:2)
  7 bats
  2 frilled lizards (D:1)
  4 rats (D:1)
51 creatures vanquished.

Notes
Turn   | Place    | Note
-------+----------+-------------------------------------------
     0 | D:1      | Anon1729 the Palentonga Warper began the quest for the Orb.
     0 | D:1      | Reached XP level 1. HP: 17/17 MP: 3/3
   110 | D:1      | Reached skill level 1 in Armour
   113 | D:1      | Reached XP level 2. HP: 22/23 MP: 5/5
   371 | D:1      | Found a faded altar of an unknown god.
   406 | D:1      | Reached skill level 3 in Maces & Flails
   984 | D:2      | Reached XP level 3. HP: 8/28 MP: 6/6
  1507 | D:2      | Reached skill level 4 in Maces & Flails
  1614 | D:2      | Found a sparkling altar of Nemelex Xobeh.
  1660 | D:2      | Reached XP level 4. HP: 30/35 MP: 7/7
  2386 | D:3      | Reached skill level 5 in Maces & Flails
  2386 | D:3      | Reached XP level 5. HP: 27/40 MP: 8/8
  2798 | D:3      | Noticed Sigmund
  3063 | D:3      | Slain by Sigmund

Illustrated notes

Levels and vault maps discovered:
D:1:      mrwooster_arrival_statue, layout_loops_ring,
          hellmonk_ecumenical_altar_blasted, minmay_vboxes
D:2:      layout_basic, basic_altar
D:3:      layout_basic, nrook_campfire, uniq_grinder, uniq_sigmund

Skill      XL: |  1  2  3  4 |
---------------+-------------+-----
Armour         | 1 |  1.0
Maces & Flails | 3 4 5 |  5.4
Fighting       | |  2.0
Throwing       | |  0.6
Dodging        | |  1.5
Spellcasting   | |  2.0
Translocations | |  3.0

Action                   |  1- 3 |  4- 6 || total
-------------------------+-------+-------++-------
Melee: Mace              |   136 |    68 ||   204
       Tailslap          |    12 |     6 ||    18
 Abil: Rolling Charge    |     2 |     3 ||     5
Evoke: Wand              |       |     1 ||     1
Armor: Leather armour    |    83 |    38 ||   121
Dodge: Dodged            |    87 |    27 ||   114

Table legend: (Time is in decaauts)
 A = Elapsed time spent in this place.
 B = Non-inter-level travel time spent in this place.
 C = Inter-level travel time spent in this place.
 D = Time resting spent in this place.
 E = Time spent auto-exploring this place.
 F = Levels seen in this place.
 G = Mean time per level.
                   A        B        C        D        E       F      G
               +--------+--------+--------+--------+--------+-----+--------+
         Total |   3104 |   3052 |     52 |    668 |   1970 |   3 | 1034.7 |
       Dungeon |   3104 |   3052 |     52 |    668 |   1970 |   3 | 1034.7 |
               +--------+--------+--------+--------+--------+-----+--------+

Top non-repeatable levels by time:
     D:2: 1796 daAuts
     D:1: 837 daAuts
     D:3: 471 daAuts
